 Dungeon Crawl Stone Soup version 0.27-a0-1202-ge72e49191c (webtiles) character file.

Game seed: 6679615302636645914

5937 lunkers the Geomancer (level 11, -7/75 HPs)
             Began as a Formicid Earth Elementalist on June 2, 2021.
             Was an Initiate of Vehumet.
             Mangled by Snorg (14 damage)
             ... on level 11 of the Dungeon.
             The game lasted 00:13:08 (13786 turns).

lunkers the Geomancer (FoEE)                       Turns: 13786, Time: 00:13:08

Health: -7/75      AC:  4    Str: 13    XL:     11   Next: 9%
Magic:  11/24      EV: 12    Int: 28    God:    Vehumet [......]
Gold:   558        SH:  4    Dex: 11    Spells: 22/28 levels left

rFire    . . .     SeeInvis +   C - +6 long sword "Killer Klown's Curse" {vorpal, rElec rC+ Int+4 Stlth-}
rCold    + . .     Faith    .   E - +0 buckler
rNeg     . . .     Spirit   .   c - +0 robe
rPois    .         Reflect  .   (helmet unavailable)
rElec    +         Harm     .   (no cloak)
rCorr    .         Rampage  .   D - +0 pair of gloves
Will     +....                  F - +0 pair of boots
Stlth    +.........             v - amulet of magic regeneration
HPRegen  0.22/turn              A - +6 ring of intelligence
MPRegen  0.44/turn              (no ring)

@: very slightly contaminated
A: permanent stasis, dig shafts and tunnels, antennae 3, four strong arms
a: Dig, Shaft Self, Renounce Religion


You were on level 11 of the Dungeon.
You worshipped Vehumet.
Vehumet was noncommittal.
You visited 2 branches of the dungeon, and saw 12 of its levels.

You collected 558 gold pieces.

Inventory:

Hand Weapons
 y - the +6 falchion of Due Proportion {flame, Int-3 Dex+4 SInv}
   (You took it off an orc on level 6 of the Dungeon)

   It has been specially enchanted to burn those struck by it, causing extra
   injury to most foes and up to half again as much damage against particularly
   susceptible opponents.
   Big, fiery blades are also staple armaments of hydra-hunters.
   It affects your intelligence (-3).
   It affects your dexterity (+4).
   It lets you see invisible.
 C - the +6 long sword "Killer Klown's Curse" (weapon) {vorpal, rElec rC+ Int+4 Stlth-}
   (You found it on level 8 of the Dungeon)

   It inflicts extra damage upon your enemies.
   It affects your intelligence (+4).
   It protects you from cold.
   It insulates you from electricity.
   It makes you less stealthy.
Missiles
 a - 279 stones
Armour
 c - a +0 robe (worn)
 D - a +0 pair of gloves (worn)
 E - a +0 buckler (worn)
 F - a +0 pair of boots (worn)
Jewellery
 v - an amulet of magic regeneration (around neck)
 A - a +6 ring of intelligence (left hand)
 J - an amulet of regeneration
 L - a ring of resist corrosion
Wands
 h - a wand of polymorph (30)
 t - a wand of paralysis (2)
 I - a wand of charming (13)
Scrolls
 b - 3 scrolls of noise {unknown}
 f - 5 scrolls of teleportation {unknown}
 i - 4 scrolls of magic mapping {unknown}
 j - 4 scrolls of blinking {unknown}
 p - 4 scrolls of enchant weapon {unknown}
 r - a scroll of acquirement {unknown}
 s - 2 scrolls of silence {unknown}
 w - 2 scrolls of enchant armour {unknown}
 x - 2 scrolls of immolation {unknown}
 z - a scroll of summoning {unknown}
 B - 2 scrolls of amnesia {unknown}
 H - 4 scrolls of identify
 K - a scroll of fog {unknown}
Potions
 d - 2 potions of brilliance
 e - 3 potions of curing
 g - 3 potions of heal wounds {unknown}
 k - 4 potions of might
 l - 3 potions of ambrosia
 m - a potion of resistance {unknown}
 n - a potion of flight {unknown}
 o - a potion of berserk rage {unknown}
 q - a potion of lignification {unknown}
 u - 2 potions of degeneration {unknown}
 G - a potion of cancellation {unknown}


   Skills:
 + Level 3.1 Fighting
 - Level 1.7 Dodging
 - Level 2.4 Stealth
 - Level 2.4 Shields
 + Level 9.2 Spellcasting
 - Level 1.1 Transmutations
 * Level 14.7 Earth Magic


You had 22 spell levels left.
You knew the following spells:

 Your Spells              Type           Power      Damage    Failure   Level
a - Stone Arrow           Conj/Erth      100%       3d13      1%          3
b - Passwall              Tmut/Erth      45%        N/A       1%          2
c - Sandblast             Erth           100%       2d20      0%          1

Your spell library contained the following spells:

 Spells                   Type           Power      Damage    Failure   Level
 Freeze                   Ice            48%        1d7       4%          1
 Petrify                  Tmut/Erth      55%        N/A       1%          4
 Lee's Rapid Deconstruct  Erth           38%        3d20*     1%          5
 Animate Skeleton         Necr           24%        N/A       4%          1
 Apportation              Tloc           24%        N/A       4%          1
 Corona                   Hex            13%        N/A       4%          1
 Foxfire                  Conj/Fire      48%        2x1d6     4%          1
 Summon Small Mammal      Summ           48%        N/A       4%          1
 Conjure Flame            Conj/Fire      12%        6-21      13%         3
 Inner Flame              Hex/Fire       12%        N/A       13%         3
 Sticky Flame             Conj/Fire      12%        2d4       41%         4
 Fireball                 Conj/Fire      6%         3d5       77%         5


Dungeon Overview and Level Annotations

Branches:
Dungeon (11/15)            Temple (1/1) D:7            Lair (0/6) D:10
    Orc (0/2) D:10

Altars:
Ashenzari
Cheibriados
Dithmenos
Elyvilon
Fedhas
Gozag
Hepliaklqana
Kikubaaqudgha
Makhleb
Nemelex Xobeh
Okawaru
Qazlal
Ru
Sif Muna
Trog
Uskayaw
Vehumet
Wu Jian
Xom
Yredelemnul
Zin
The Shining One

Portals:
Trove: D:10 (give 16 potions of curing)

Annotations:
D:9 2 transporters
D:10 exclusion: oklob plant
D:11 Snorg


Innate Abilities, Weirdness & Mutations

You cannot be hasted, slowed, berserked, paralysed or teleported.
You can dig through walls and to a lower floor.
You have a pair of large antennae on your head. (SInv)
Your four strong arms can wield two-handed weapons with a shield.


Message History

There is an open door here.
You open the door.
A two-headed ogre and Snorg come into view.
Snorg shouts!
The two-headed ogre shouts in stereo!
Casting: Stone Arrow (safe; 1% risk of failure)
Confirm with . or Enter, or press ? or * to list all spells.
The stone arrow hits Snorg!!
Snorg is moderately wounded.
You block Snorg's attack. Snorg barely misses you. Snorg misses you.
There are monsters nearby!
Casting: Stone Arrow (safe; 1% risk of failure)
Confirm with . or Enter, or press ? or * to list all spells.
The stone arrow hits Snorg!!
Snorg is heavily wounded.
Snorg closely misses you. Snorg misses you. Snorg completely misses you.
There are monsters nearby!
Casting: Stone Arrow (safe; 1% risk of failure)
Confirm with . or Enter, or press ? or * to list all spells.
The stone arrow hits Snorg!!
Snorg is severely wounded.
Snorg goes berserk!
Casting: Stone Arrow (safe; 1% risk of failure)
Confirm with . or Enter, or press ? or * to list all spells.
You miscast Stone Arrow.
You are very lightly contaminated with residual magic.
Nothing appears to happen.
Snorg completely misses you.
You riposte.
You hit Snorg.
Snorg is severely wounded.
Snorg claws you!! You block Snorg's attack.
There are monsters nearby!
Casting: Stone Arrow (safe; 1% risk of failure)
Confirm with . or Enter, or press ? or * to list all spells.
The stone arrow misses Snorg.
Snorg bites you!
* * * LOW HITPOINT WARNING * * *
Snorg claws you!
* * * LOW HITPOINT WARNING * * *
Snorg misses you. Snorg bites you!!
* * * LOW HITPOINT WARNING * * *
Snorg claws you!
You die...

#.....>..# #.........#
#........# #.........#
#........# #.|.......#
##........####.........#
#'........'.##.........#
##........#............#
#..^.....####.........#
##'####### ####.######
#.....@# ... ######T#
##.# O.. .# ....# .
.....# .. ......+
#......# #......#


You could see Snorg (berserk) and a two-headed ogre.

Vanquished Creatures
  A gargoyle (D:6)
  A hornet (D:7)
  Prince Ribbit (D:8)
  A shadow (D:9)
  2 wyverns
  9 yaks
  A steam dragon (D:7)
  An acid dragon (D:4)
  3 orc warriors
  2 sky beasts
  3 ogres
  2 phantoms
  3 centaurs
  A bullfrog (D:6)
  2 wyvern zombies
  4 scorpions
  A water moccasin zombie (D:7)
  A howler monkey (D:10)
  5 wights (D:7)
  4 centaur zombies
  3 hounds
  A jelly (D:5)
  A gnoll shaman (D:5)
  4 orc priests
  2 bullfrog skeletons
  Jessica (D:2)
  3 iguanas
  Terence (D:3)
  Natasha (D:3)
  8 orc wizards
  A scorpion zombie (D:5)
  A killer bee zombie (D:7)
  A howler monkey zombie (D:9)
  Robin (D:2)
  6 adders
  A howler monkey skeleton (D:6)
  5 gnolls (D:5)
  2 shadow imps
  A white imp (D:5)
  3 ufetubi
  A worm (D:3)
  3 dart slugs
  18 orcs
  2 bats
  8 endoplasms
  3 giant cockroaches
  12 goblins
  12 hobgoblins
  3 jackals
  4 quokkas
  10 ball pythons
  5 frilled lizards
  8 kobolds
  4 rats
188 creatures vanquished.

Notes
Turn   | Place    | Note
-------+----------+-------------------------------------------
     0 | D:1      | lunkers the Formicid Earth Elementalist began the quest for
                  | the Orb.
     0 | D:1      | Reached XP level 1. HP: 13/13 MP: 3/3
   236 | D:1      | Reached skill level 4 in Earth Magic
   236 | D:1      | Reached XP level 2. HP: 12/19 MP: 0/5
   787 | D:1      | Found a faded altar of an unknown god.
   996 | D:2      | Reached XP level 3. HP: 24/24 MP: 3/6
  1034 | D:2      | Noticed Jessica
  1044 | D:2      | Killed Jessica
  1045 | D:2      | Reached skill level 5 in Earth Magic
  1045 | D:2      | Reached XP level 4. HP: 8/30 MP: 0/8
  1260 | D:1      | Learned a level 2 spell: Passwall
  1264 | D:1      | Learned a level 3 spell: Stone Arrow
  1428 | D:2      | Noticed Robin
  1439 | D:2      | Killed Robin
  1691 | D:2      | Noticed a phantom
  1696 | D:2      | Reached XP level 5. HP: 31/35 MP: 5/9
  1737 | D:1      | Killed a phantom
  1738 | D:1      | Reached skill level 6 in Earth Magic
  2233 | D:2      | Reached XP level 6. HP: 41/41 MP: 7/11
  3299 | D:3      | Noticed Terence
  3303 | D:3      | Killed Terence
  3682 | D:3      | Reached skill level 7 in Earth Magic
  4058 | D:3      | Noticed Natasha
  4062 | D:3      | Killed Natasha
  4393 | D:4      | Found a stormy altar of Qazlal.
  4486 | D:4      | Noticed a black bear
  4490 | D:4      | Reached XP level 7. HP: 46/46 MP: 6/13
  4506 | D:4      | Noticed an acid dragon
  4506 | D:4      | a black bear changed into an acid dragon
  4507 | D:4      | Killed an acid dragon
  4508 | D:4      | Reached skill level 8 in Earth Magic
  4857 | D:4      | Found a burning altar of Makhleb.
  5550 | D:5      | Entered Level 5 of the Dungeon
  5650 | D:5      | Reached skill level 5 in Spellcasting
  5692 | D:5      | Reached skill level 9 in Earth Magic
  5692 | D:5      | Reached XP level 8. HP: 26/52 MP: 0/15
  6642 | D:5      | Reached skill level 10 in Earth Magic
  7053 | D:5      | Found a sparkling altar of Nemelex Xobeh.
  7053 | D:5      | Found a shimmering altar of Xom.
  7787 | D:6      | Reached XP level 9. HP: 43/57 MP: 2/18
  7932 | D:6      | Noticed a gargoyle
  7938 | D:6      | Killed a gargoyle
  7939 | D:6      | Reached skill level 11 in Earth Magic
  8358 | D:6      | Reached skill level 12 in Earth Magic
  9015 | D:7      | Identified the +6 falchion of Due Proportion {flame, Int-3
                  | Dex+4 SInv}
  9467 | D:7      | Found a staircase to the Ecumenical Temple.
  9467 | D:7      | Noticed a hornet
  9472 | D:7      | Killed a hornet
  9473 | D:7      | Reached XP level 10. HP: 63/63 MP: 5/21
  9617 | Temple   | Entered the Ecumenical Temple
  9870 | Temple   | Became a worshipper of Vehumet
  9898 | D:7      | Reached skill level 13 in Earth Magic
 10709 | D:8      | Found a glowing silver altar of Zin.
 10709 | D:8      | Found an opulent altar of Gozag.
 10914 | D:8      | Identified the +6 long sword "Killer Klown's Curse"
                  | {vorpal, rElec rC+ Int+4 Stlth-}
 11060 | D:8      | Noticed Prince Ribbit
 11065 | D:8      | Killed Prince Ribbit
 11521 | D:9      | Reached skill level 14 in Earth Magic
 11783 | D:9      | Reached skill level 1 in Fighting
 11783 | D:9      | Reached skill level 1 in Shields
 11825 | D:9      | Found a transporter.
 11829 | D:9      | Found a transporter.
 11830 | D:9      | Noticed a boulder beetle
 12283 | D:10     | Entered Level 10 of the Dungeon
 12615 | D:10     | Found a staircase to the Orcish Mines.
 12663 | D:10     | Found a portal to a secret trove of treasure.
 12680 | D:10     | Reached * piety under Vehumet
 12680 | D:10     | Offered knowledge of Freeze by Vehumet.
 12719 | D:10     | Reached XP level 11. HP: 55/73 MP: 11/24
 12847 | D:10     | Noticed an oklob plant
 13149 | D:10     | Found a staircase to the Lair.
 13781 | D:11     | Noticed Snorg
 13781 | D:11     | Noticed a two-headed ogre
 13786 | D:11     | Mangled by Snorg

Illustrated notes

Levels and vault maps discovered:
D:1:      lightli_arrival_statue_moat, layout_loops_ring,
          shapermc_ecumenical_altar_mp_urbaneastern, minmay_tall_x
D:2:      layout_rooms, grunt_ministairs_9, minmay_divided_ellipse,
          uniq_jessica, uniq_robin
D:3:      layout_rooms, minmay_quadrilaterals, uniq_natasha, uniq_terence
D:4:      layout_basic, lemuel_doored_altar, old_standard_altar,
          kennysheep_generic_room_8
D:5:      layout_basic, gammafunk_temple_overflow_wave, serial_co_window_serial,
          co_window_corner_a, co_window_paths_a, co_window_corner_a,
          co_window_paths_b, co_window_of_opportunity_a, co_window_corner_a,
          co_window_corner_a, co_window_corner_cb, co_window_corner_cb,
          co_window_corner_ca, glass_columns_b, glass_columns_a,
          minmay_chambers_of_fives
D:6:      layout_rooms
D:7:      layout_rooms, minmay_temple_entry_glass, kennysheep_small_square
D:8:      layout_basic, grunt_temple_overflow_gold_and_silver,
          uniq_prince_ribbit1
D:9:      gammafunk_boulding_lane, layout_stronghold, minmay_misc_feat_chi,
          due_unseen_surprise
D:10:     layout_layer_cave, dpeg_oklobed_lair, orc_0_dummy, enter_trove_0
D:11:     layout_roguey, roderic_roman_lattice, bh_walls_and_bars, uniq_snorg
Temple:   eino_temple_scatter_basement

Skill      XL: |  1  2  3  4  5  6  7  8  9 10 11 |
---------------+----------------------------------+-----
Earth Magic    | 4 5 6 7 9 10 12 14 | 14.7
Spellcasting   | 3 4 5 6 7 9 |  9.2
Fighting       | 2 3 |  3.1
Shields        | 2 |  2.4
Dodging        | |  1.7
Stealth        | |  2.4
Transmutations | |  1.1

Action                   |  1- 3 |  4- 6 |  7- 9 | 10-12 || total
-------------------------+-------+-------+-------+-------++-------
Melee: Unarmed           |     2 |    37 |     4 |     1 ||    44
 Cast: Sandblast         |    27 |    37 |    19 |       ||    83
       Stone Arrow       |       |    49 |   112 |    95 ||   256
Evoke: Wand              |       |       |     2 |       ||     2
  Use: Scroll            |       |     2 |     2 |       ||     4
Armor: Robe              |     3 |     6 |     6 |     2 ||    17
Dodge: Dodged            |     3 |    44 |    44 |    20 ||   111
Block: Buckler           |       |       |       |     4 ||     4
       Rpst.: Long sword |       |       |       |     3 ||     3

Table legend: (Time is in decaauts)
 A = Elapsed time spent in this place.
 B = Non-inter-level travel time spent in this place.
 C = Inter-level travel time spent in this place.
 D = Time resting spent in this place.
 E = Time spent auto-exploring this place.
 F = Levels seen in this place.
 G = Mean time per level.
                   A        B        C        D        E       F      G
               +--------+--------+--------+--------+--------+-----+--------+
         Total |  13794 |  13340 |    454 |   1597 |  10315 |  12 | 1149.5 |
       Dungeon |  13526 |  13104 |    422 |   1597 |  10106 |  11 | 1229.6 |
        Temple |    267 |    235 |     32 |      0 |    209 |   1 |  267.0 |
               +--------+--------+--------+--------+--------+-----+--------+

Top non-repeatable levels by time:
     D:5: 1849 daAuts
     D:6: 1701 daAuts
     D:4: 1607 daAuts
     D:1: 1576 daAuts
     D:3: 1437 daAuts
    D:10: 1364 daAuts
     D:2: 1247 daAuts
     D:9: 1069 daAuts
     D:8: 929 daAuts
     D:7: 636 daAuts
  Temple: 267 daAuts
    D:11: 107 daAuts
